 Dungeon Crawl Stone Soup version 0.31.0-32-g396128a36d (webtiles) character file.

Game seed: 6862326183372206313

94880 TacoSundae the Covert (level 16, -6/88 HPs)
             Began as a Vine Stalker Brigand on Apr 11, 2024.
             Was a High Priest of Ashenzari.
             Mangled by a +0 dire flail of holy wrath (14 damage)
             ... on level 1 of the Elven Halls.
             The game lasted 01:53:00 (22312 turns).

TacoSundae the Covert (Vine Stalker Brigand)       Turns: 22312, Time: 01:53:00

Health: -6/88      AC: 19    Str: 16    XL:     16   Next: 12%
Magic:  0/30       EV: 24    Int: 11    God:    Ashenzari [*****.]
Gold:   1245       SH:  8    Dex: 22    Spells: 28/33 levels left

rFire   . . .        a - +0 short sword (elec)
rCold   + + .        O - +0 buckler
rNeg    + . .        y - +0 steam dragon scales of the Eternal Heresy {Melee, Fort} (curse)
rPois   .            s - +2 helmet "Share My Sybil" {SInv, Self, Cun} (curse)
rElec   .            w - +2 cloak "Soothsayer of Ashenzari" {Will+, Melee, Elem} (curse)
rCorr   .            R - +0 pair of gloves of Ashenzari's Fetters {Comp, Bglg} (curse)
SInv    +            X - +2 pair of boots "Cursed Inaction" {Elem, Cun} (curse)
Will    +++..        N - amulet "Share My Ordeal" {Regen+, Bglg, Self} (curse)
Stlth   +++++++      i - ring "All-seeing Shame" {Fly rC++ rN+, Dev, Bglg} (curse)
HPRegen 1.94/turn    D - ring "Chained Bitterness" {AC+4, Fort, Range} (curse)
MPRegen 0.22/turn

%: clarity, guardian spirit
@: flying, hasted, studying Axes, very quick
A: fangs 3, regeneration 1, magic shield, antimagic bite, no potion heal 2
a: Renounce Religion, Shatter the Chains


You were on level 1 of the Elven Halls.
You worshipped Ashenzari.
Ashenzari was extremely pleased with you.
You visited 5 branches of the dungeon, and saw 23 of its levels.
You also visited: Ice Cave.

You collected 2042 gold pieces.
You spent 797 gold pieces at shops.

Inventory:

Hand Weapons
 a - a +0 short sword of electrocution (weapon)
 b - a +1 dagger of venom
 p - a +2 spectral dagger
 Y - a +0 rapier of draining
Missiles
 d - 53 poisoned darts (quivered)
 e - 7 curare-tipped darts
 u - 2 throwing nets
 U - 6 darts of dispersal
Armour
 s - the cursed +2 helmet "Share My Sybil" (worn) {SInv, Self, Cun}
   (You found it on level 4 of the Dungeon)

   It has a curse which improves the following skills: Introspection: Fighting
   and Spellcasting.
   Cunning:   Dodging and Stealth.
 w - the cursed +2 cloak "Soothsayer of Ashenzari" (worn) {Will+, Melee, Elem}
   (You took it off Maurice on level 7 of the Dungeon)

   It has a curse which improves the following skills: Melee Combat: Short
   Blades, Long Blades, Axes, Maces & Flails, Polearms, Staves and Unarmed
   Combat.
   Elements:  Fire Magic, Ice Magic, Air Magic and Earth Magic.
 y - the cursed +0 steam dragon scales of the Eternal Heresy (worn) {Melee, Fort}
   (You found it on level 8 of the Dungeon)

   It has a curse which improves the following skills: Melee Combat: Short
   Blades, Long Blades, Axes, Maces & Flails, Polearms, Staves and Unarmed
   Combat.
   Fortitude: Armour and Shields.
 K - a +0 hat of willpower
 O - a +0 buckler (worn)
 R - the cursed +0 pair of gloves of Ashenzari's Fetters (worn) {Comp, Bglg}
   (You found it on level 5 of the Lair of Beasts)

   It has a curse which improves the following skills: Companions: Summonings
   and Necromancy.
   Beguiling: Hexes and Translocations.
 X - the cursed +2 pair of boots "Cursed Inaction" (worn) {Elem, Cun}
   (You found it on level 14 of the Dungeon)

   It has a curse which improves the following skills: Elements: Fire Magic, Ice
   Magic, Air Magic and Earth Magic.
   Cunning:   Dodging and Stealth.
Jewellery
 i - the cursed ring "All-seeing Shame" (left hand) {Fly rC++ rN+, Dev, Bglg}
   (You found it on level 5 of the Dungeon)

   [ring of flight]

   rC++:      It greatly protects you from cold.
   rN+:       It protects you from negative energy.
   Fly:       It grants you flight.
   It has a curse which improves the following skills: Devices: Evocations and
   Shapeshifting.
   Beguiling: Hexes and Translocations.
 D - the cursed ring "Chained Bitterness" (right hand) {AC+4, Fort, Range}
   (You found it on level 10 of the Dungeon)

   [ring of protection]

   AC+4:      It affects your AC (+4).
   It has a curse which improves the following skills: Fortitude: Armour and
   Shields.
   Ranged Combat: Ranged Weapons and Throwing.
 N - the cursed amulet "Share My Ordeal" (around neck) {Regen+, Bglg, Self}
   (You found it in an ice cave)

   [amulet of regeneration]

   Regen+:    It increases your rate of health regeneration.
   It has a curse which improves the following skills: Beguiling: Hexes and
   Translocations.
   Introspection: Fighting and Spellcasting.
Wands
 c - a wand of paralysis (12)
 m - a wand of mindburst (24)
 q - a wand of flame (53)
 B - a wand of iceblast (15)
 E - a wand of polymorph (8)
 I - a wand of digging (9)
 L - a wand of quicksilver (7)
Scrolls
 f - 5 scrolls of teleportation
 g - 11 scrolls of identify
 k - 2 scrolls of fear
 o - 4 scrolls of enchant armour
 v - a scroll of torment
 C - 2 scrolls of immolation
 H - a scroll of amnesia
 P - a scroll of fog
 W - a scroll of enchant weapon
Potions
 h - 10 potions of curing
 l - 3 potions of enlightenment
 t - 6 potions of brilliance
 x - 2 potions of magic
 z - 4 potions of mutation
 A - 4 potions of attraction
 F - 3 potions of cancellation
 G - a potion of lignification
 J - 3 potions of resistance
 M - a potion of ambrosia
 T - 2 potions of haste
 V - 2 potions of might
Miscellaneous
 r - a phial of floods


   Skills:
 - Level 8.8(12.0) Fighting
 - Level 12.4(15.5) Short Blades
 - Level 1.7(3.3) Throwing
 + Level 11.7(14.8) Dodging
 - Level 14.2(17.3) Stealth
 + Level 7.2(10.4) Shields
 + Level 6.2(9.4) Spellcasting
 + Level 11.2(15.3) Hexes
 - Level 6.9(10.1) Ice Magic


You had 28 spell levels left.
You knew the following spells:

 Your Spells              Type           Power      Damage    Failure   Level
a - Ensorcelled Hibernat  Hex/Ice        66%        N/A       1%          2
b - Dazzling Flash        Conj/Hex       44%        N/A       1%          3

Your spell library contained the following spells:

 Spells                   Type           Power      Damage    Failure   Level
 Anguish                  Hex/Necr       11%        N/A       7%          4
 Apportation              Tloc           12%        N/A       13%         1
 Necrotise                Necr           20%        1d5       14%         1
 Summon Small Mammal      Summ           20%        N/A       14%         1
 Sting                    Conj/Alch      20%        1d4       16%         1
 Silence                  Hex/Air        11%        N/A       19%         5
 Scorch                   Fire           12%        2d5       21%         2
 Call Imp                 Summ           10%        N/A       22%         2
 Mercury Vapours          Alch/Air       10%        N/A       22%         2
 Static Discharge         Conj/Air       10%        3-4/arc   22%         2
 Sublimation of Blood     Necr           5%         N/A       22%         2
 Gell's Gravitas          Tloc           6%         N/A       36%         3
 Teleport Other           Tloc           6%         N/A       36%         3
 Call Canine Familiar     Summ           5%         N/A       41%         3
 Fugue of the Fallen      Necr           5%         N/A       41%         3
 Mephitic Cloud           Conj/Alch/Air  5%         N/A       43%         3
 Airstrike                Air            3%         2d(1-17)  80%         4
 Summon Blazeheart Golem  Fire/Summ      5%         N/A       80%         4
 Summon Lightning Spire   Summ/Air       5%         N/A       80%         4
 Flame Wave               Conj/Fire      5%         2d5       83%         4
 Olgreb's Toxic Radiance  Alch           5%         N/A       85%         4
 Curse of Agony           Necr           5%         N/A       99%         5
 Dispersal                Tloc           3%         N/A       100%        6
 Summon Cactus Giant      Summ           2%         N/A       100%        6
 Summon Hydra             Summ           2%         N/A       100%        7


Dungeon Overview and Level Annotations

Branches:
Dungeon (14/15)            Temple (1/1) D:5            Lair (5/5) D:10
  Swamp (0/4) Lair:2        Snake (0/4) Lair:3        Slime (0/5) Lair:4
    Orc (2/2) D:10            Elf (1/3) Orc:2        Vaults (0/5) D:14
  IceCv (visited)

Altars:
Ashenzari
Cheibriados
Dithmenos
Elyvilon
Fedhas
Gozag
Hepliaklqana
Kikubaaqudgha
Makhleb
Nemelex Xobeh
Okawaru
Qazlal
Ru
Sif Muna
Trog
Uskayaw
Vehumet
Wu Jian
Xom
Yredelemnul
Zin
The Shining One
Jiyva

Shops:
D:1 !   D:3 *   D:5 ?   D:8 *   D:10 =   Orc:1 :   Orc:2 *(**!!   Elf:1 (

Annotations:
D:4 exclusion: statue
Lair:1 2 transporters, wingedge's ghost, journeyman DgEE
Lair:2 3 runed translucent doors, Fractals's ghost, journeyman DsWn


Innate Abilities, Weirdness & Mutations

You have razor-sharp teeth.
Your natural rate of healing is unusually fast.
When hurt, damage is shared between your health and your magic reserves.
Your bite disrupts and absorbs the magic of your enemies.
Potions cannot restore your health.


Message History

You closely miss the +0 dire flail of holy wrath.
The +0 dire flail of holy wrath is moderately damaged.
You barely miss the +0 dire flail of holy wrath.
You bite the +0 dire flail of holy wrath, but do no damage.
The +0 dire flail of holy wrath is moderately damaged.
The +0 dire flail of holy wrath hits you!
The deep elf pyromancer casts a spell at you.
The bolt of fire misses the fire elemental.
The bolt of fire hits the +0 dire flail of holy wrath.
The +0 dire flail of holy wrath resists.
The bolt of fire hits you!!
* * * LOW HITPOINT WARNING * * *
You hear a shout!
Unknown command.
Okay, then.
Unknown command.
Unknown command.
Unknown command.
The +0 dire flail of holy wrath hits you but does no damage.
The +0 dire flail of holy wrath attacks as it pursues you!
You block the +0 dire flail of holy wrath's attack.
Okay, then.
Unknown command.
Unknown command.
Unknown command.
The +0 dire flail of holy wrath hits you.
* * * LOW HITPOINT WARNING * * *
The fire elemental disappears in a puff of smoke!
The +0 dire flail of holy wrath attacks as it pursues you!
The +0 dire flail of holy wrath hits you!
* * * LOW HITPOINT WARNING * * *
The +0 dire flail of holy wrath hits you!
* * * LOW HITPOINT WARNING * * *
Okay, then.
Unknown command.
Okay, then.
Unknown command.
You feel yourself speed up.
The +0 dire flail of holy wrath hits you!
You die...

,*##..,*#......).###.#,#
*....,**#.#..##)#)..#..#
*..#.#* #.##.##.#.<.#..#
*.....#*#.#..##.#...#..#
,......##....###.###.#.#
,............# #....##,*
,,,#.........# #.#####.#
,,*###...##### #.......#
** ,** ##....###
#@#####*##*,
**###.......####(#
*..[..,* *
#....∩......##E#**,....*,
**#...........##§#*,)....*
................E##{.....*
###...........###○{{e....,
#...........#*#E{°.....,
#...........#.☼.e......,
#......?....#.☼○.....##,


You could see a fire elemental (summoned) and a +0 dire flail of holy wrath.

Vanquished Creatures
  Jorgrun (D:12)
  Gastronok (Lair:1)
  An entropy weaver (D:14)
  A vault guard (D:14)
  2 catoblepae
  4 hydras
  4 two-headed ogres
  3 centaur warriors
  3 boulder beetles
  An ogre mage (Orc:2)
  2 dancing weapons (Elf:1)
  6 death yaks
  4 orc high priests (Orc:2)
  A tengu warrior (D:14)
  Sonja (D:13)
  The ghost of chippings the Grappler, a novice DrWn of Cheibriados (D:8)
  3 skysharks
  Lodul (D:13)
  A goliath frog (Lair:2)
  A deep elf pyromancer (D:12)
  10 ugly things
  5 orc sorcerers
  3 deep elf zephyrmancers (Elf:1)
  7 orc knights
  3 manticores
  Maurice (D:7)
  7 cyclopes
  3 meliai (D:14)
  3 black mambas
  23 elephants
  5 kobold blastminers (Orc:2)
  3 torpor snails
  A gargoyle (D:13)
  3 ice statues (IceCv)
  3 kobold demonologists
  7 cane toads
  3 rime drakes
  9 komodo dragons
  A freezing wraith (D:14)
  An anaconda simulacrum (IceCv)
  10 trolls
  5 polar bears
  A queen bee (shapeshifter) (D:14)
  10 hornets
  Prince Ribbit (D:7)
  Grinder (D:4)
  A raiju (shapeshifter) (D:13)
  8 dream sheep (Lair:5)
  23 blink frogs
  A spriggan (shapeshifter) (D:14)
  12 spriggans (Lair:5)
  2 vampires
  2 wyverns (Lair:5)
  44 yaks
  A water elemental (Elf:1)
  3 basilisks
  A dire elephant simulacrum (IceCv)
  A death yak simulacrum (IceCv)
  4 steam dragons
  Grum (D:9)
  4 wargs
  3 nagas (Lair:3)
  13 water moccasins
  A hydra simulacrum (IceCv)
  2 acid dragons
  2 ice beasts
  2 laughing skulls (D:13)
  6 black bears
  19 orc warriors
  29 wolves
  4 boggarts (Lair:5)
  4 centaurs
  12 ogres
  2 phantoms
  13 bullfrogs
  6 kobold brigands
  3 gnoll sergeants
  A scorpion (D:5)
  A wight (D:9)
  6 killer bees (D:9)
  2 electric eels (D:11)
  6 howler monkeys
  20 orc priests
  3 bombardier beetles
  A hound (D:6)
  3 jellies
  A gnoll bouda (D:7)
  A sleepcap (D:7)
  4 iguanas
  19 orc wizards
  3 polar bear simulacra (IceCv)
  2 adders
  8 gnolls
  A shadow imp (D:7)
  5 ufetubi
  7 dart slugs
  4 ribbon worms
  55 orcs
  4 ball pythons
  2 bats
  5 endoplasms
  A giant cockroach (D:1)
  3 goblins
  4 hobgoblins
  2 jackals (D:3)
  22 kobolds
  2 quokkas
  3 frilled lizards
  6 rats
607 creatures vanquished.

Vanquished Creatures (others)
  A deep elf knight (Elf:1)
  An orc (Orc:2)
2 creatures vanquished.

Grand Total: 609 creatures vanquished

Notes
Turn   | Place    | Note
-------+----------+-------------------------------------------
     0 | D:1      | TacoSundae the Vine Stalker Brigand began the quest for the
                  | Orb.
     0 | D:1      | Reached XP level 1. HP: 11/11 MP: 2/2
    72 | D:1      | Found Pias's Distillery.
   179 | D:1      | Reached XP level 2. HP: 15/15 MP: 1/3
   597 | D:1      | Bought a potion of degeneration for 11 gold pieces
   873 | D:1      | Reached XP level 3. HP: 18/18 MP: 4/4
  1900 | D:3      | Found an opulent altar of Gozag.
  1900 | D:3      | Found Gozag's Platinum Reserve.
  2415 | D:4      | Reached XP level 4. HP: 23/23 MP: 5/5
  2486 | D:4      | Noticed an ogre
  2523 | D:4      | Killed an ogre
  2524 | D:4      | Reached skill level 1 in Dodging
  2524 | D:4      | Reached skill level 5 in Stealth
  2524 | D:4      | Reached XP level 5. HP: 6/26 MP: 1/6
  2655 | D:4      | Found a radiant altar of Vehumet.
  2657 | D:4      | Noticed a frost-covered statue
  2773 | D:4      | Reached XP level 6. HP: 31/31 MP: 7/7
  2990 | D:4      | Reached skill level 5 in Short Blades
  3067 | D:4      | Noticed Grinder
  3086 | D:4      | Paralysed by Grinder for 5 turns
  3107 | D:4      | Killed Grinder
  3108 | D:4      | Reached skill level 6 in Stealth
  3108 | D:4      | Reached XP level 7. HP: 34/36 MP: 6/8
  3140 | D:4      | Found a shimmering blue altar of Sif Muna.
  3625 | D:5      | Entered Level 5 of the Dungeon
  3629 | D:5      | Identified the ring of Gozag's Displeasure {Fly rC++ rN+}
  3676 | D:5      | Found an iron altar of Okawaru.
  3709 | D:5      | Found Cakkep's Magic Scroll Emporium.
  3778 | D:5      | Bought a scroll of brand weapon for 123 gold pieces
  3800 | D:5      | Found a staircase to the Ecumenical Temple.
  3816 | Temple   | Entered the Ecumenical Temple
  3848 | Temple   | Became a worshipper of Ashenzari the Shackled
  3989 | D:5      | Gained mutation: You have razor-sharp teeth. [Vine Stalker
                  | growth]
  3989 | D:5      | Reached XP level 8. HP: 40/40 MP: 9/9
  4464 | D:6      | Reached skill level 7 in Stealth
  5127 | D:6      | Reached XP level 9. HP: 46/46 MP: 10/10
  5460 | D:7      | Reached skill level 8 in Stealth
  5495 | D:7      | Noticed Prince Ribbit
  5572 | D:7      | Noticed Maurice
  5590 | D:7      | Killed Maurice
  5591 | D:7      | Reached skill level 5 in Fighting
  5630 | D:7      | Killed Prince Ribbit
  5669 | D:7      | Reached skill level 9 in Stealth
  5946 | D:7      | Reached skill level 5 in Dodging
  6007 | D:6      | Reached XP level 10. HP: 21/53 MP: 11/11
  6529 | D:8      | Reached skill level 10 in Stealth
  6745 | D:8      | Found a runed translucent gate.
  6745 | D:8      | Found a runed translucent gate.
  6746 | D:8      | Found a runed translucent gate.
  6747 | D:8      | Noticed chippings's ghost (novice DrWn)
  6784 | D:8      | Killed chippings's ghost
  6893 | D:8      | Found Eppuogeo's Changing Room.
  7193 | D:8      | Found a stormy altar of Qazlal.
  7282 | D:9      | Noticed Grum
  7284 | D:9      | Killed Grum
  7362 | D:9      | Paralysed by a hornet for 1 turns
  7456 | D:9      | Noticed a two-headed ogre
  7457 | D:9      | Noticed a boulder beetle
  7465 | D:9      | Noticed a kobold demonologist
  7485 | D:9      | Killed a boulder beetle
  7486 | D:9      | Reached skill level 11 in Stealth
  7486 | D:9      | Reached XP level 11. HP: 59/59 MP: 12/12
  7518 | D:9      | Killed a two-headed ogre
  7607 | D:9      | Found a shimmering altar of Xom.
  7608 | D:9      | Found an ornate altar of the Wu Jian Council.
  7609 | D:9      | Found a sparkling altar of Nemelex Xobeh.
  7611 | D:9      | Found a glowing golden altar of the Shining One.
  7639 | D:9      | Found an ancient bone altar of Kikubaaqudgha.
  8116 | D:10     | Entered Level 10 of the Dungeon
  8158 | D:10     | Learned a level 2 spell: Ensorcelled Hibernation
  8196 | D:10     | Found a staircase to the Lair.
  8263 | D:10     | Reached * piety under Ashenzari
  8411 | D:10     | Found Ysmiasef's Jewellery Boutique.
  8421 | D:10     | Found a staircase to the Orcish Mines.
  9045 | D:11     | Noticed a manticore
  9053 | D:11     | HP: 3/60 [manticore (9)]
  9058 | D:11     | Killed a manticore
  9059 | D:11     | Reached skill level 1 in Hexes
  9059 | D:11     | Reached skill level 1 in Ice Magic
  9135 | D:11     | Noticed a two-headed ogre
  9265 | D:11     | Reached ** piety under Ashenzari
  9305 | D:11     | Noticed a cyclops
  9310 | D:11     | Killed a cyclops
  9346 | D:11     | Noticed a cyclops
  9393 | D:11     | Killed a cyclops
  9478 | D:11     | Reached skill level 10 in Short Blades
  9645 | D:11     | Noticed a cyclops
  9653 | D:11     | Killed a cyclops
  9730 | Lair:1   | Entered Level 1 of the Lair of Beasts
  9801 | Lair:1   | Noticed Gastronok
  9844 | Lair:1   | Killed Gastronok
  9845 | Lair:1   | Reached XP level 12. HP: 56/67 MP: 10/13
 10070 | Lair:1   | Found a transporter.
 10073 | Lair:1   | Noticed wingedge's ghost (journeyman DgEE)
 10073 | Lair:1   | Identified the +1 cloak "Rovvycw" {rElec}
 10128 | Lair:1   | Noticed a six-headed hydra
 10180 | Lair:1   | Found a transporter.
 10793 | Lair:2   | Noticed a boulder beetle
 10794 | Lair:2   | Noticed a skyshark
 10806 | Lair:2   | Killed a skyshark
 10807 | Lair:2   | Reached skill level 5 in Hexes
 10807 | Lair:2   | Reached skill level 5 in Ice Magic
 10881 | Lair:2   | Killed a boulder beetle
 11100 | Lair:2   | Noticed a death yak
 11100 | Lair:2   | Noticed a death yak
 11191 | Lair:2   | Reached XP level 13. HP: 69/72 MP: 12/14
 11368 | Lair:2   | Found a runed translucent gate.
 11937 | Lair:2   | Found a staircase to the Swamp.
 11956 | Lair:2   | Reached skill level 1 in Spellcasting
 12150 | Lair:2   | Found a runed translucent gate.
 12150 | Lair:2   | Found a runed translucent gate.
 12150 | Lair:2   | Noticed Fractals's ghost (journeyman DsWn)
 12385 | Lair:3   | Reached skill level 12 in Stealth
 13058 | Lair:3   | Found a staircase to the Snake Pit.
 13232 | Lair:4   | Found a frozen archway.
 13258 | IceCv    | Entered an ice cave
 13259 | IceCv    | Reached *** piety under Ashenzari
 13681 | Lair:4   | Reached XP level 14. HP: 76/76 MP: 22/22
 14163 | Lair:4   | Found a staircase to the Slime Pits.
 14163 | Lair:4   | Found a viscous altar of Jiyva.
 14281 | Lair:4   | Reached skill level 1 in Shields
 14416 | Lair:4   | Reached skill level 13 in Stealth
 14724 | Lair:5   | Entered Level 5 of the Lair of Beasts
 14733 | Lair:5   | Reached skill level 10 in Dodging
 15057 | Lair:5   | Reached **** piety under Ashenzari
 16138 | Lair:5   | Reached skill level 14 in Stealth
 16962 | D:12     | Noticed Jorgrun
 16993 | D:12     | Killed Jorgrun
 16994 | D:12     | Reached XP level 15. HP: 80/80 MP: 24/24
 18227 | D:13     | Found a hazy altar of Hepliaklqana.
 18338 | D:13     | Reached skill level 5 in Shields
 18424 | D:13     | Noticed Sonja
 18436 | D:13     | Reached ***** piety under Ashenzari
 18447 | D:13     | Killed Sonja
 18607 | D:13     | Noticed Lodul
 18610 | D:13     | Reached skill level 10 in Hexes
 18648 | D:13     | Killed Lodul
 19048 | D:13     | Learned a level 3 spell: Dazzling Flash
 19546 | D:14     | Found a gate to the Vaults.
 20200 | Orc:1    | Entered Level 1 of the Orcish Mines
 20258 | Orc:1    | Found Pakha's Book Shoppe.
 20278 | Orc:1    | Found a bloodstained altar of Trog.
 20739 | Orc:2    | Entered Level 2 of the Orcish Mines
 20743 | Orc:2    | Reached skill level 5 in Spellcasting
 20800 | Orc:2    | Found Nuas's Gadget Gallery.
 20867 | Orc:2    | Found a staircase to the Elven Halls.
 21686 | Orc:2    | Found Foreh's Antique Weapon Emporium.
 21686 | Orc:2    | Found Haprib's Distillery.
 21692 | Orc:2    | Found Tudicsob's General Store.
 21692 | Orc:2    | Found Gazirem's Assorted Antiques.
 21702 | Orc:2    | Bought a scroll labelled BABOFIFRER for 30 gold pieces
 21704 | Orc:2    | Bought a runed rapier for 231 gold pieces
 21713 | Orc:2    | Bought 2 potions of curing for 102 gold pieces
 21757 | Orc:2    | Found Jisut's Distillery.
 21767 | Orc:2    | Reached XP level 16. HP: 88/88 MP: 29/29
 21831 | Orc:2    | Bought a potion of resistance for 150 gold pieces
 21831 | Orc:2    | Bought a potion of haste for 150 gold pieces
 22166 | Elf:1    | Entered Level 1 of the Elven Halls
 22206 | Elf:1    | Identified the +1 barding "Ishrud" {rElec Int+3}
 22217 | Elf:1    | Found Toluguaw's Antique Weapon Shop.
 22312 | Elf:1    | Mangled by a +0 dire flail of holy wrath

Illustrated notes

Levels and vault maps discovered:
D:1:      dpeg_arrival_pond, layout_loops_corners, serial_shops, shop
D:2:      layout_basic
D:3:      layout_basic, nicolae_gozag_zags_fifth_avenue
D:4:      layout_basic, hellmonk_sif_muna_bookshelves, vehumet_statue,
          lexackson_kobold_supper, uniq_grinder
D:5:      kennysheep_slugbush, layout_basic, mainiacjoe_overflow_paths,
          minmay_temple_entry_large_hall, serial_shops, shop
D:6:      layout_basic, minmay_chambers_of_fives
D:7:      layout_cave_pools, uniq_maurice, uniq_prince_ribbit1
D:8:      layout_basic, nicolae_qazlal_eye_of_the_storm,
          gammafunk_ghost_spectres, hangedman_abyss_or_decor_clamps,
          minmay_misc_feat_pillars, nicolae_transmutations_shop, chequers_garden
D:9:      layout_roguey, grunt_temple_overflow_open, minmay_joined_circles,
          uniq_grum
D:10:     layout_stronghold, lair_entry_dummy, orc_0_dummy,
          minmay_shop_enchanted_jewellery, hangedman_decor_slide_cut,
          corexii_leaking_fountain
D:11:     layout_basic, amethyst_killhole, kennysheep_small_square
D:12:     layout_layer_cave, uniq_jorgrun
D:13:     layout_long_grid, nicolae_hepliaklqana_hazy_memory, uniq_sonja,
          uniq_lodul
D:14:     layout_roguey, hellmonk_vaults_order_and_chaos
Temple:   nicolae_temple_godzebo
Lair:1:   layout_regular_city, gammafunk_ghost_berserking_beasts, uniq_gastronok
Lair:2:   layout_long_grid, mainiacjoe_swamp_entry_lozenge_pond,
          gammafunk_ghost_necromancy, serial_rivers,
          chequers_serial_rivers_micro_e, chequers_serial_rivers_large_b,
          chequers_serial_rivers_small_3, chequers_serial_rivers_micro_d,
          chequers_serial_rivers_micro_e, chequers_serial_rivers_micro_b,
          beast_lair_carwin_4
Lair:3:   layout_cave_shapes, nicolae_snake_entry_squirm, lemuel_fruit_tree,
          grunt_megastairs_4
Lair:4:   layout_roguey, slime_entry_1, portal_ice_cave_rime,
          infiniplex_staircase_pool, grunt_megastairs_1
Lair:5:   minmay_lair_end_enchanted_forest, layout_regular_city,
          grunt_megastairs_2
Orc:1:    nicolae_orc_accident_3, layout_caves, serial_shops, shop,
          david_defended_altar_orc
Orc:2:    grunt_orc_tribal_feast, layout_caves, serial_shops,
          nicolae_shop_tiny_waterfront, nicolae_shop_gadgets
Elf:1:    layout_loops_cross, serial_shops, shop

Skill      XL: |  1  2  3  4  5  6  7  8  9 10 11 12 13 14 15 16 |
---------------+-------------------------------------------------+-----
Short Blades   | 2 3 4 5 6 7 8 9 10 11 12 | 12.4
Fighting       | 2 3 4 5 7 8 |  8.8
Dodging        | 1 2 3 5 6 7 8 9 10 11 | 11.7
Stealth        | 5 6 7 9 11 12 14 | 14.2
Hexes          | 3 5 7 9 11 | 11.2
Ice Magic      | 3 5 6 |  6.9
Spellcasting   | 3 5 6 |  6.2
Shields        | 4 6 7 |  7.2
Throwing       | |  1.7

Action                     |  1- 3 |  4- 6 |  7- 9 | 10-12 | 13-15 | 16-18 || total
---------------------------+-------+-------+-------+-------+-------+-------++-------
  Melee: Dagger            |    91 |    87 |   294 |   125 |    21 |       ||   618
         Bite              |    24 |    16 |   148 |   189 |   707 |    74 ||  1158
         Punch             |     1 |       |     6 |    15 |    14 |       ||    36
         Short sword       |       |       |    71 |   386 |  1575 |   153 ||  2185
  Throw: Dart              |       |     5 |     9 |     3 |     3 |       ||    20
   Cast: Ensorcelled Hiber |       |       |       |     6 |   134 |     1 ||   141
         Dazzling Flash    |       |       |       |       |     3 |       ||     3
 Invoke: Curse Item        |       |       |     1 |     3 |     6 |       ||    10
         Shatter the Chain |       |       |       |       |     2 |       ||     2
  Evoke: Wand              |       |     3 |       |     9 |    19 |       ||    31
         Phial of floods   |       |       |       |       |     1 |       ||     1
    Use: Potion            |       |     5 |     3 |     3 |     1 |     1 ||    13
         Scroll            |       |       |    13 |     2 |     2 |       ||    17
   Stab: Sleeping          |    16 |     2 |     1 |    44 |    89 |     6 ||   158
         Distracted        |       |     1 |     1 |     4 |    10 |     1 ||    17
         Invisible         |       |       |     2 |       |       |       ||     2
         Paralysed         |       |       |       |     5 |       |       ||     5
         Petrified         |       |       |       |       |     3 |       ||     3
         Petrifying        |       |       |       |       |     2 |       ||     2
 Armour: Robe              |    43 |    29 |   196 |   130 |    29 |       ||   427
         Steam dragon scal |       |       |       |       |   474 |    48 ||   522
  Dodge: Dodged            |    36 |    43 |   215 |   171 |   804 |    58 ||  1327
  Block: Buckler           |       |       |       |       |   267 |    38 ||   305
